 Dungeon Crawl Stone Soup version 0.30.1-9-gdf580d7c3d (webtiles) character file.

Game seed: 8614943648835381720

16436 Zalbag the Spear-Bearer (level 12, -4/159 HPs)
             Began as a Minotaur Gladiator on Oct 16, 2023.
             Was the Champion of Okawaru.
             Slain by a two-headed ogre
             ... wielding a +0 giant club
              (15 damage)
             ... on level 1 of the Orcish Mines.
             The game lasted 00:26:22 (13777 turns).

Zalbag the Spear-Bearer (Minotaur Gladiator)       Turns: 13777, Time: 00:26:22

Health: -4/159     AC: 26    Str: 24    XL:     12   Next: 10%
Magic:  11/13      EV:  2    Int:  5    God:    Okawaru [******]
Gold:   684        SH:  0    Dex: 12    Spells: 11/11 levels left

rFire   . . .        V - +0 glaive
rCold   . . .        (shield currently unavailable)
rNeg    . . .        W - melded +1 ring mail of Okawaru's Inspiration {Rampage rF+}
rPois   +            c - melded +0 hat
rElec   .            r - melded scarf {+Inv}
rCorr   +            (gloves currently unavailable)
SInv    .            (boots currently unavailable)
Will    .....        (no amulet)
Stlth   +++          K - ring of resist corrosion
HPRegen 0.46/turn    (no ring)
MPRegen 0.13/turn

%: no passive effects
@: tree-form, heroic
A: stationary, stasis, torment immunity, boosted hp, (horns 2), (retaliatory
headbutt)
a: Renounce Religion, Heroism, Finesse, Duel


You were on level 1 of the Orcish Mines.
You worshipped Okawaru.
Okawaru was exalted by your worship.
You were a tree.
You visited 3 branches of the dungeon, and saw 13 of its levels.

You collected 804 gold pieces.
You spent 120 gold pieces at shops.

Inventory:

Hand Weapons
 a - a +0 trident
 V - a +0 glaive (weapon)
Missiles
 e - 3 javelins (quivered)
 s - 10 poisoned darts
 C - 12 boomerangs
Armour
 b - a +0 leather armour
 c - a +0 hat (melded)
 d - a +0 scale mail
 r - a scarf of invisibility (melded)
 z - a +0 ring mail
 R - +0 steam dragon scales
 W - the +1 ring mail of Okawaru's Inspiration (melded) {Rampage rF+}
   (Okawaru gifted it to you on level 1 of the Orcish Mines)

   rF:        It protects you from fire.
   Rampage:   It bestows one free step when moving towards enemies.
Jewellery
 n - a ring of wizardry
 y - a ring of ice
 K - a ring of resist corrosion (left branch)
Wands
 B - a wand of quicksilver (3)
 F - a wand of iceblast (11)
 J - a wand of flame (42)
Scrolls
 m - a scroll of torment {unknown}
 o - a scroll of magic mapping {unknown}
 q - 9 scrolls of teleportation
 t - 2 scrolls of immolation
 u - a scroll of blinking {unknown}
 v - 2 scrolls of enchant weapon {unknown}
 w - a scroll of brand weapon {unknown}
 H - a scroll of fog
 I - 2 scrolls of enchant armour {unknown}
 M - a scroll of amnesia {unknown}
 O - a scroll of acquirement {unknown}
 P - 2 scrolls of identify
 Q - a scroll of vulnerability
 T - 2 scrolls of noise
 U - a scroll of poison {unknown}
Potions
 f - 3 potions of degeneration {unknown}
 g - 3 potions of curing
 h - a potion of invisibility {unknown}
 i - a potion of heal wounds {unknown}
 j - 3 potions of ambrosia
 k - a potion of brilliance
 p - a potion of lignification
 x - 2 potions of might {unknown}
 D - 2 potions of flight
 E - 2 potions of mutation
 G - a potion of attraction {unknown}
 L - a potion of resistance
 N - a potion of haste {unknown}


   Skills:
 + Level 9.8(14.8) Fighting
 + Level 14.1(19.1) Polearms
 - Level 4.0(9.0) Throwing
 - Level 9.0(14.0) Armour
 + Level 11.2(16.2) Dodging
 - Level 0.3(5.3) Stealth
 - Level 3.2 Invocations
 + Level 4.6 Evocations


You had 11 spell levels left.
You didn't know any spells.
Your spell library contained the following spells:

 Spells                   Type           Power      Damage    Failure   Level
 Beastly Appendage        Tmut           0%         N/A       47%         1
 Magic Dart               Conj           0%         1d3       47%         1
 Poisonous Vapours        Pois/Air       0%         N/A       63%         2
 Sublimation of Blood     Necr           0%         N/A       63%         2
 Wereblood                Tmut           0%         N/A       63%         2
 Mephitic Cloud           Conj/Pois/Air  0%         N/A       85%         3
 Ozocubu's Armour         Ice            0%         N/A       85%         3
 Spider Form              Tmut/Pois      0%         N/A       85%         3
 Olgreb's Toxic Radiance  Pois           0%         N/A       99%         4
 Petrify                  Tmut/Erth      0%         N/A       99%         4
 Alistair's Intoxication  Tmut/Pois      0%         N/A       100%        5
 Freezing Cloud           Conj/Ice/Air   0%         6-21      100%        5
 Irradiate                Conj/Tmut      0%         3d11      100%        5
 Call Imp                 Summ           Unusable   N/A       N/A         2

Dungeon Overview and Level Annotations

Branches:
Dungeon (10/15)            Temple (1/1) D:7            Lair (0/5) D:10
    Orc (2/2) D:10
    Elf: Orc:2

Altars:
Cheibriados
Dithmenos
Fedhas
Gozag
Hepliaklqana
Okawaru
Trog
Wu Jian
The Shining One

Shops:
D:2 (   D:9 ?


Innate Abilities, Weirdness & Mutations

You are a tree.
Your roots penetrate the ground, keeping you stationary.
You cannot be teleported.
You are immune to unholy pain and torment.
Your maximum health is greatly increased.
Your equipment is partially melded.
((You have a pair of horns on your head.))
((You reflexively headbutt those who attack you in melee.))


Message History

You gain the combat prowess of a mighty hero.
The ogre barely misses you. The ogre hits you with a +0 giant club!
The ogre barely misses you.
Unknown command.
You hit the ogre.
You headbutt the ogre, but do no damage.
The ogre is lightly wounded.
You slice the ogre!!
You kill the ogre!
Okawaru accepts your kill. The ogre completely misses you.
The ogre barely misses you. You furiously retaliate!
You headbutt the ogre! You hit the ogre but do no damage.
The ogre is moderately wounded.
A two-headed ogre comes into view.
It is wielding a +0 dire flail and a +0 giant club.
You barely miss the two-headed ogre.
The two-headed ogre shouts in stereo!
You headbutt the two-headed ogre.
The two-headed ogre is lightly wounded.
The ogre misses you. You furiously retaliate!
You headbutt the ogre.
The two-headed ogre hits you with a +0 giant club!
The two-headed ogre hits you with a +0 giant spiked club!!
* * * LOW HITPOINT WARNING * * *
The ogre completely misses you.
Okay, then.
You climb upwards.
There is a stone staircase leading down, spattered with blood here.
Unknown command.
Really quaff the potion of lignification?
You turn into a tree.
Your scarf of invisibility melds into your body.
Your +0 hat melds into your body.
The +1 ring mail of Okawaru's Inspiration {Rampage rF+} melds into your body.
Your roots penetrate the ground.
The ogre hits you with a +0 giant club!!
* * * LOW HITPOINT WARNING * * *
The two-headed ogre hits you with a +0 giant club!
* * * LOW HITPOINT WARNING * * *
The two-headed ogre hits you with a +0 giant spiked club!
You die...

#.### ###.### ###...#
#...#.##
##.....######.....##
##........#.........##
###.....[[.......#.....#
##.....###........##....#
#.....## #..).....###...####
#....######O.....## ##.....#
#..#....##)♣O.....###....###
##.#......))O.....##....## #
###..................######
#.........##.......# #..
##.....########...#####..
###....###.##......##...
###.###..........#....
#.###.....###........
####.....###.#.......


You could see a two-headed ogre and 2 ogres.

Vanquished Creatures
  An ogre mage (D:10)
  9 two-headed ogres
  An unseen horror (D:10)
  Maggie (D:9)
  3 trolls
  A shadow (D:7)
  Sigmund (D:2)
  2 wyverns
  15 yaks
  2 wraiths (D:10)
  4 vampire mosquitoes (D:10)
  5 wargs
  A water moccasin (D:6)
  5 orc warriors
  2 black bears
  A sky beast (D:7)
  10 ogres
  3 centaurs
  2 phantoms (D:5)
  A kobold brigand (D:8)
  5 bullfrogs
  26 killer bees
  6 howler monkeys
  5 orc priests
  10 hounds
  3 iguanas
  6 jellies
  A sleepcap (D:6)
  Ijyb (D:3)
  Natasha (thrice) (D:2)
  13 orc wizards
  A mummy (D:7)
  Robin (D:2)
  7 adders
  7 gnolls
  5 shadow imps
  A white imp (D:6)
  A worm (D:2)
  A dart slug (D:1)
  33 orcs
  6 ball pythons
  2 bats (D:1)
  7 endoplasms
  6 giant cockroaches
  13 goblins
  7 hobgoblins
  7 jackals (D:4)
  11 kobolds
  3 quokkas (D:1)
  4 frilled lizards
  A hobgoblin zombie (D:7)
  3 kobold zombies (D:7)
  2 rats (D:3)
278 creatures vanquished.

Vanquished Creatures (others)
  An orc wizard (D:5)
1 creature vanquished.

Grand Total: 279 creatures vanquished

Notes
Turn   | Place    | Note
-------+----------+-------------------------------------------
     0 | D:1      | Zalbag the Minotaur Gladiator began the quest for the Orb.
     0 | D:1      | Reached XP level 1. HP: 18/18 MP: 0/0
    51 | D:1      | Reached skill level 4 in Polearms
    56 | D:1      | Reached XP level 2. HP: 25/25 MP: 1/1
   452 | D:1      | Reached XP level 3. HP: 30/30 MP: 2/2
   593 | D:2      | Noticed Robin
   599 | D:2      | Reached skill level 5 in Polearms
   615 | D:2      | Killed Robin
   722 | D:2      | Found Amnethri's Antique Weapon Emporium.
   841 | D:2      | Noticed Sigmund
   855 | D:2      | Killed Sigmund
   856 | D:2      | Reached skill level 6 in Polearms
   856 | D:2      | Reached XP level 4. HP: 18/37 MP: 3/3
   856 | D:2      | Reached XP level 5. HP: 21/42 MP: 4/4
   970 | D:2      | Noticed Natasha
   980 | D:2      | Killed Natasha
  1053 | D:2      | Noticed Natasha
  1059 | D:2      | Killed Natasha
  1060 | D:2      | Reached skill level 7 in Polearms
  1060 | D:2      | Reached XP level 6. HP: 45/50 MP: 5/5
  1111 | D:2      | Noticed Natasha
  1117 | D:2      | Killed Natasha
  1380 | D:3      | Got the Directory of Frigid Toxicity
  1830 | D:4      | Reached skill level 1 in Evocations
  1855 | D:4      | Reached skill level 8 in Polearms
  1855 | D:4      | Reached XP level 7. HP: 53/56 MP: 6/6
  2113 | D:3      | Noticed Ijyb
  2130 | D:3      | Killed Ijyb
  2290 | D:3      | Found an iron altar of Okawaru.
  2368 | D:3      | Became a worshipper of Warmaster Okawaru
  2938 | D:5      | Entered Level 5 of the Dungeon
  3050 | D:5      | Reached skill level 5 in Dodging
  3381 | D:5      | Reached skill level 9 in Polearms
  3558 | D:5      | Reached XP level 8. HP: 47/62 MP: 7/7
  4062 | D:5      | Reached * piety under Okawaru
  4214 | D:6      | Reached skill level 10 in Polearms
  5793 | D:7      | Reached ** piety under Okawaru
  5802 | D:7      | Reached XP level 9. HP: 54/72 MP: 8/8
  5980 | D:7      | Found a staircase to the Ecumenical Temple.
  6020 | Temple   | Entered the Ecumenical Temple
  6261 | D:7      | Reached skill level 5 in Fighting
  6261 | D:7      | Reached skill level 5 in Armour
  6336 | D:8      | Reached skill level 11 in Polearms
  6480 | D:8      | Noticed a two-headed ogre
  6493 | D:8      | Killed a two-headed ogre
  6493 | D:8      | Reached *** piety under Okawaru
  7440 | D:8      | Reached **** piety under Okawaru
  7441 | D:8      | Reached XP level 10. HP: 21/84 MP: 9/9
  8067 | D:9      | Noticed Maggie
  8088 | D:9      | Killed Maggie
  8357 | D:8      | Reached skill level 12 in Polearms
  8462 | D:9      | Received a gift from Okawaru
  8750 | D:9      | Reached skill level 1 in Invocations
  8798 | D:9      | Reached ***** piety under Okawaru
  9174 | D:9      | Received a gift from Okawaru
  9724 | D:9      | Found Sauxauh's Magic Scroll Emporium.
  9729 | D:9      | Bought 2 scrolls of identify for 48 gold pieces
  9729 | D:9      | Bought a scroll of noise for 12 gold pieces
  9729 | D:9      | Bought a scroll of identify for 24 gold pieces
  9729 | D:9      | Bought a scroll of teleportation for 36 gold pieces
 10008 | D:10     | Entered Level 10 of the Dungeon
 10008 | D:10     | Noticed a two-headed ogre
 10020 | D:10     | Killed a two-headed ogre
 10021 | D:10     | Reached XP level 11. HP: 77/92 MP: 12/12
 10072 | D:10     | Found a staircase to the Lair.
 10628 | D:10     | Noticed a two-headed ogre
 10641 | D:10     | Killed a two-headed ogre
 10838 | D:10     | Found a bloodstained altar of Trog.
 10838 | D:10     | Found a snail-covered altar of Cheibriados.
 10838 | D:10     | Found a blossoming altar of Fedhas.
 10838 | D:10     | Found a glowing golden altar of the Shining One.
 10844 | D:10     | Found a shadowy altar of Dithmenos.
 10844 | D:10     | Found an ornate altar of the Wu Jian Council.
 11017 | D:10     | Reached skill level 13 in Polearms
 11098 | D:10     | Reached skill level 10 in Dodging
 11104 | D:10     | Found a staircase to the Orcish Mines.
 11502 | D:10     | Noticed an ogre mage
 11503 | D:10     | Paralysed by an ogre mage for 5 turns
 11509 | D:10     | Paralysed by an ogre mage for 5 turns
 11534 | D:10     | Paralysed by something for 4 turns
 11539 | D:10     | Killed an ogre mage
 11539 | D:10     | Received a gift from Okawaru
 11795 | Orc:1    | Entered Level 1 of the Orcish Mines
 12075 | Orc:1    | Noticed a two-headed ogre
 12402 | D:10     | Received a gift from Okawaru
 12483 | D:10     | Killed a two-headed ogre
 12883 | Orc:2    | Entered Level 2 of the Orcish Mines
 12897 | Orc:1    | Identified the +1 ring mail of Okawaru's Inspiration
                  | {Rampage rF+} (Okawaru gifted it to you on level 1 of the
                  | Orcish Mines)
 12897 | Orc:1    | Received a gift from Okawaru
 12962 | Orc:2    | Noticed a two-headed ogre
 12964 | Orc:2    | Noticed a two-headed ogre
 12982 | Orc:2    | Reached ****** piety under Okawaru
 12988 | Orc:2    | Killed a two-headed ogre
 12989 | Orc:2    | Noticed a two-headed ogre
 13137 | Orc:2    | Killed a two-headed ogre
 13139 | Orc:2    | Noticed a two-headed ogre
 13365 | Orc:1    | Killed a two-headed ogre
 13482 | Orc:2    | Noticed a two-headed ogre
 13488 | Orc:2    | Noticed a two-headed ogre
 13495 | Orc:1    | Killed a two-headed ogre
 13496 | Orc:1    | Reached skill level 14 in Polearms
 13496 | Orc:1    | Reached XP level 12. HP: 51/105 MP: 13/13
 13699 | Orc:1    | Killed a two-headed ogre
 13768 | Orc:2    | Noticed a two-headed ogre
 13773 | Orc:2    | Noticed a two-headed ogre
 13777 | Orc:1    | Slain by a two-headed ogre

Illustrated notes

Levels and vault maps discovered:
D:1:      minmay_arrival_open_corners, layout_basic
D:2:      layout_basic, serial_shops, shop, uniq_robin, uniq_natasha,
          uniq_sigmund
D:3:      layout_basic, okawaru_trees_2, serial_park_tiny_pond, uniq_ijyb
D:4:      layout_basic, chequers_mini_garden, cheibrodos_gnoll_hut
D:5:      wad_lake_hut, layout_basic, minmay_misc_feat_encased
D:6:      layout_loops_ring
D:7:      layout_rooms, temple_fountains, minmay_mini_ossuary
D:8:      layout_loops_corners
D:9:      minmay_general_purpose_star, layout_basic, serial_shops,
          nicolae_shop_just_a_little_nook, uniq_maggie
D:10:     layout_long_grid, minmay_overflow_temple_hex, lair_entry_dummy,
          minmay_orc_entry_guard_dogs, minmay_microvault
Temple:   nicolae_temple_superstar
Orc:1:    layout_diamond_mine
Orc:2:    st_orc_ogre_mass, layout_caves, gammafunk_ghost_split, mines4_lemuel

Skill      XL: |  1  2  3  4  5  6  7  8  9 10 11 |
---------------+----------------------------------+-----
Polearms       | 4 6 7 8 9 10 11 12 14 | 14.1
Armour         | 2 4 6 8 9 |  9.0
Dodging        | 4 5 6 8 9 11 | 11.2
Evocations     | 1 2 3 4 |  4.6
Fighting       | 4 6 7 9 |  9.8
Invocations    | 3 |  3.2
Throwing       | 3 4 |  4.0
Stealth        | |  0.3

Action                     |  1- 3 |  4- 6 |  7- 9 | 10-12 || total
---------------------------+-------+-------+-------+-------++-------
  Melee: Trident           |    83 |    66 |   468 |   371 ||   988
         Headbutt          |     2 |     6 |    56 |    86 ||   150
         Punch             |       |       |     7 |     7 ||    14
         Glaive            |       |       |       |    87 ||    87
  Throw: Throwing net      |     2 |       |     2 |     1 ||     5
         Javelin           |     1 |     1 |       |     3 ||     5
         Dart              |       |       |     7 |    18 ||    25
 Invoke: Heroism           |       |       |       |     2 ||     2
  Evoke: Wand              |       |       |       |    13 ||    13
    Use: Scroll            |       |       |     3 |     9 ||    12
         Potion            |       |       |     4 |     5 ||     9
   Stab: Held in net/web   |     1 |       |       |       ||     1
         Sleeping          |       |     1 |       |       ||     1
         Paralysed         |       |       |       |    12 ||    12
 Armour: Leather armour    |     6 |     9 |     3 |       ||    18
         Ring mail         |       |       |    91 |       ||    91
         Scale mail        |       |       |    22 |     6 ||    28
         Steam dragon scal |       |       |       |    54 ||    54
         Skin              |       |       |       |    34 ||    34
  Dodge: Dodged            |    28 |    30 |   212 |   259 ||   529
